Map: [ESL] Inside and Out

Players

goblin - Winner!

  • Race: Protoss Protoss
  • Spawn Location: 7:00

Harstem

  • Race: Protoss Protoss
  • Spawn Location: 1:00

Event: DreamHack SC2 Masters 2022 Atlanta (Online)

VOD

Have the link to the VOD?

Description

Time

  • Played on: Oct. 2, 2022, 12:16 p.m.
  • Length: 9:09

All games in this series

Show
View Real Time Build Order
Export as new Build Order

goblin Protoss - Winner!

Build Orders:  

Get SALT Encoding   

  12  0:00  Probe  
  13  0:12  Probe  
  14  0:19  Pylon  
  14  0:24  Probe  
  15  0:37  Probe (Chrono Boost)  
  15  0:38  Gateway  
  16  0:46  Probe (Chrono Boost), Assimilator  
  17  0:51  Probe  
  18  1:03  Probe  
  19  1:15  Probe, Pylon  
  19  1:16  Assimilator  
  20  1:26  Zealot  
  20  1:27  Cybernetics Core  
  20  1:29  Probe  
  23  1:41  Probe  
  24  1:53  Probe  
  25  2:03  Adept  
  25  2:05  Warp Gate, Probe  
  28  2:14  Nexus  
  28  2:21  Pylon  
  28  2:27  Pylon  
  28  2:30  Probe  
  29  2:42  Probe  
  29  2:43  Stalker (Chrono Boost)  
  31  2:51  Robotics Facility  
  31  2:55  Probe  
  32  3:01  Shield Battery  
  32  3:07  Probe  
  32  3:11  Sentry (Chrono Boost)  
  35  3:15  Shield Battery  
  35  3:25  Probe  
  36  3:27  Probe  
  36  3:32  Stalker  
  39  3:37  Probe  
  40  3:41  Probe (Chrono Boost)  
  40  3:47  Immortal  
  45  3:49  Probe (Chrono Boost)  
  45  3:54  Probe (Chrono Boost)  
  47  3:58  Probe (Chrono Boost)  
  47  4:00  Probe (Chrono Boost)  
  47  4:02  Pylon  
  49  4:03  Probe (Chrono Boost)  
  49  4:09  Probe  
  51  4:11  Sentry  
  51  4:15  Probe  
  54  4:19  Pylon  
  54  4:21  Probe  
  55  4:27  Gateway  
  55  4:28  Observer (Chrono Boost)  
  55  4:29  Probe  
  55  4:30  Gateway  
  57  4:33  Probe  
  57  4:37  Stalker  
  60  4:42  Twilight Council  
  60  4:46  Immortal (Chrono Boost)  
  65  4:52  Probe  
  65  4:53  Probe  
  66  5:12  Probe  
  65  5:17  Blink (Chrono Boost)  
  65  5:20  Stalker  
  63  5:23  Assimilator  
  63  5:26  Nexus  
  63  5:27  Probe  
  58  5:29  Adept x2  
  58  5:32  Probe  
  63  5:36  Pylon  
  63  5:39  Probe  
  63  5:42  Immortal  
  68  5:44  Probe  
  69  5:51  Probe  
  70  6:00  Stalker x3  
  72  6:06  Probe x2  
  72  6:18  Probe x2  
  72  6:22  Pylon  
  72  6:24  Gateway  
  72  6:25  Gateway  
  72  6:26  Sentry, Stalker  
  72  6:27  Gateway  
  72  6:28  Stalker  
  72  6:32  Pylon  
  78  6:37  Probe x2  
  80  6:40  Gateway  
  80  6:42  Gateway  
  80  6:51  Stalker x2  
  80  6:52  Stalker  
  86  7:01  Warp Prism (Chrono Boost)  
  86  7:04  Pylon  
  88  7:13  Observer  
  88  7:15  Probe, Stalker x3  
  93  7:18  Pylon  
  93  7:20  Stalker x2  
  99  7:24  Stalker  
  99  7:28  Probe  
  99  7:29  Probe  
  103  7:30  Observer (Chrono Boost), Assimilator  
  103  7:36  Stalker x2  
  108  7:53  Zealot x6  
  108  7:58  Pylon x2  
  116  8:16  Stalker x6  
  116  8:19  Zealot, Stalker  
  130  8:31  Observer  
  110  8:44  Zealot x3, Stalker x4  
  117  8:48  Adept  
  114  9:06  Stalker x3  
Show
View Real Time Build Order
Export as new Build Order

Harstem Protoss 

Build Orders: Blink Stalkers 

Get SALT Encoding   

  12  0:00  Probe  
  13  0:12  Probe  
  14  0:17  Pylon  
  14  0:24  Probe (Chrono Boost)  
  15  0:36  Probe (Chrono Boost)  
  15  0:37  Gateway  
  16  0:44  Probe (Chrono Boost)  
  16  0:47  Assimilator  
  17  0:51  Probe  
  18  0:58  Assimilator  
  18  1:03  Probe (Chrono Boost)  
  19  1:07  Gateway  
  20  1:12  Probe (Chrono Boost)  
  20  1:17  Probe (Chrono Boost)  
  21  1:28  Cybernetics Core  
  21  1:29  Probe  
  22  1:37  Pylon  
  22  1:41  Probe  
  22  1:43  Pylon  
  23  1:55  Probe  
  24  2:05  Stalker  
  24  2:06  Stalker  
  24  2:07  Warp Gate  
  28  2:25  Pylon  
  27  2:37  Stalker x2  
  31  2:44  Probe  
  31  2:47  Twilight Council  
  32  3:13  Probe  
  32  3:14  Nexus  
  33  3:23  Sentry  
  33  3:26  Blink (Chrono Boost)  
  35  3:28  Shield Battery  
  35  3:30  Probe  
  36  3:42  Probe  
  37  3:54  Probe  
  38  3:57  Nexus  
  38  4:00  Pylon  
  38  4:03  Phoenix  
  38  4:06  Probe  
  39  4:18  Sentry, Probe, Stalker  
  44  4:27  Robotics Facility  
  44  4:30  Probe x2  
  46  4:42  Probe, Stalker  
  46  4:43  Stalker  
  51  4:46  Probe  
  52  4:54  Probe  
  52  4:58  Probe  
  54  5:01  Gateway  
  54  5:06  Probe  
  55  5:10  Stalker x2  
  57  5:18  Probe  
  52  5:22  Probe  
  52  5:23  Probe  
  52  5:25  Charge  
  52  5:26  Observer (Chrono Boost)  
  52  5:27  Gateway  
  55  5:30  Probe  
  55  5:33  Stalker  
  55  5:34  Probe  
  59  5:35  Probe  
  59  5:37  Assimilator  
  59  5:42  Probe, Stalker  
  63  5:46  Probe  
  63  5:47  Probe  
  65  5:54  Probe  
  66  5:58  Probe  
  66  6:00  Probe  
  68  6:05  Stalker x3  
  68  6:07  Probe (Chrono Boost)  
  68  6:10  Probe (Chrono Boost)  
  73  6:12  Probe (Chrono Boost)  
  70  6:18  Warp Prism (Chrono Boost)  
  70  6:23  Zealot, Probe (Chrono Boost)  
  70  6:25  Probe (Chrono Boost)  
  77  6:29  Probe (Chrono Boost)  
  77  6:31  Pylon  
  77  6:33  Forge  
  77  6:42  Pylon  
  77  6:49  Probe (Chrono Boost)  
  77  6:50  Zealot x2  
  77  6:52  Probe x2 (Chrono Boost)  
  84  7:01  Observer, Probe (Chrono Boost)  
  88  7:02  Zealot, Dark Shrine, Stalker  
  88  7:05  Probe x2 (Chrono Boost)  
  88  7:08  Pylon  
  93  7:09  Gateway  
  93  7:11  Gateway  
  93  7:13  Probe  
  93  7:14  Pylon  
  93  7:26  Gateway  
  93  7:27  Pylon  
  93  7:28  Gateway  
  93  7:31  Pylon  
  93  7:35  Pylon  
  95  7:38  Assimilator  
  95  7:40  Zealot x3, Sentry  
  95  7:41  Shield Battery, Immortal (Chrono Boost)  
  101  7:50  Shield Battery  
  102  8:02  Zealot x4  
  102  8:07  Zealot x2  
  102  8:10  Immortal (Chrono Boost)  
  102  8:15  Shield Battery  
  102  8:18  Probe  
  107  8:22  Zealot x2, Pylon  
  107  8:24  Dark Templar  
  107  8:25  Dark Templar  
  111  8:31  Zealot x2  
  101  8:34  Dark Templar  
  70  8:54  Zealot x2  
  71  9:04  Zealot x2  
Tags
 
Add a new tag
Caveats
  • Supply blocks, unpowered buildings, or Contaminate may cause inaccurate times.
  • Supply counts are checked every 10 seconds.